Map: Ruins of Seras

Players

NXZ - Winner!

  • Race: Zerg Zerg

Vaisravana

  • Race: Zerg Zerg
  • League: Master

Event: NationWars III

VOD

Have the link to the VOD?

Description

Time

  • Played on: Nov. 21, 2015, 1:40 p.m.
  • Length: 6:57

All games in this series

Show
View Real Time Build Order
Export as new Build Order

NXZ Zerg - Winner!

Build Orders: Hatch First, Zergling Baneling 

Get SALT Encoding   

  12  0:01  Drone  
  13  0:12  Overlord  
  13  0:18  Drone  
  14  0:31  Drone x2  
  14  0:35  Drone  
  17  0:54  Hatchery  
  16  0:57  Drone  
  16  1:00  Drone  
  18  1:04  Extractor  
  17  1:17  Spawning Pool  
  16  1:20  Drone  
  16  1:23  Drone  
  18  1:28  Drone  
  19  1:41  Overlord  
  19  2:03  Queen  
  19  2:04  Metabolic Boost, Zergling x4  
  23  2:08  Queen  
  23  2:12  Drone  
  26  2:16  Drone  
  26  2:21  Drone  
  26  2:22  Drone  
  29  2:30  Overlord  
  29  2:33  Drone  
  30  2:38  Drone  
  30  2:43  Baneling Nest, Drone  
  31  2:48  Drone  
  32  2:55  Drone  
  33  2:59  Drone  
  33  3:05  Drone  
  34  3:14  Zergling x8  
  34  3:17  Zergling x2  
  34  3:18  Zergling x4  
  34  3:19  Overlord  
  41  3:27  Baneling x2  
  41  3:35  Hatchery  
  41  3:36  Overlord  
  41  3:38  Zergling x2  
  41  3:39  Zergling x2  
  42  3:45  Baneling x4  
  42  3:49  Zergling x4  
  42  3:51  Zergling x4  
  46  4:08  Zergling x10  
  46  4:23  Zergling x16  
  52  4:25  Baneling x4  
  51  4:37  Zergling x6  
  50  4:50  Zergling x2  
  50  4:51  Zergling x4  
  48  4:59  Zergling x2  
  51  5:00  Queen, Zergling x12  
  51  5:04  Zergling x2  
  51  5:06  Baneling  
  55  5:09  Zergling x4  
  52  5:22  Zergling x6  
  51  5:36  Zergling x2  
  51  5:37  Zergling x16  
  51  5:42  Zergling x2  
  56  5:46  Zergling x2  
  56  5:49  Zergling x2  
  52  6:00  Zergling x6  
  54  6:08  Zergling x4  
  54  6:09  Zergling x14  
  60  6:12  Zergling x2  
  60  6:13  Zergling x2  
  60  6:16  Zergling x4  
  57  6:24  Roach Warren  
  54  6:28  Zergling x4  
  54  6:31  Baneling x2  
  50  6:42  Drone x6  
Show
View Real Time Build Order
Export as new Build Order

Vaisravana Zerg 

Build Orders: Hatch First 

Get SALT Encoding   

  12  0:00  Drone  
  13  0:12  Overlord  
  13  0:18  Drone  
  14  0:30  Drone  
  14  0:31  Drone  
  16  0:36  Drone  
  17  0:55  Hatchery  
  16  0:58  Drone  
  16  1:01  Drone  
  18  1:07  Drone  
  19  1:12  Extractor  
  18  1:21  Spawning Pool  
  18  1:25  Drone  
  18  1:29  Drone  
  19  1:42  Drone  
  20  1:51  Drone  
  21  2:00  Drone  
  22  2:08  Queen x2  
  22  2:09  Zergling x2  
  22  2:11  Metabolic Boost  
  22  2:15  Overlord  
  27  2:21  Drone  
  28  2:34  Baneling Nest  
  28  2:35  Drone x3  
  30  2:44  Drone, Queen  
  31  2:49  Zergling x2  
  33  3:16  Drone x2  
  33  3:17  Drone, Overlord  
  36  3:32  Overlord  
  36  3:35  Drone x6  
  42  3:41  Baneling x2  
  42  3:43  Spine Crawler  
  42  3:48  Zergling x4  
  43  3:49  Zergling x2  
  43  3:50  Zergling x4  
  46  4:02  Zergling x2  
  46  4:03  Zergling x6  
  47  4:11  Zergling x4  
  49  4:22  Zergling x4  
  50  4:37  Zergling x4  
  47  4:39  Zergling x2  
  47  4:42  Queen  
  47  4:43  Overlord  
  50  4:46  Extractor  
  50  4:50  Zergling x2  
  50  4:51  Zergling x6  
  45  4:59  Zergling x2  
  44  5:00  Zergling x2  
  44  5:03  Queen  
  43  5:07  Roach Warren, Zergling x2  
  42  5:16  Zergling x4  
  42  5:20  Queen  
  43  5:22  Zergling x2  
  43  5:30  Zergling x2  
  43  5:31  Zergling x2  
  40  5:38  Queen  
  40  5:39  Zergling x2  
  41  5:43  Zergling x2  
  41  5:48  Zergling x2  
  32  5:52  Zergling x4  
  32  5:53  Baneling x3  
  32  5:54  Zergling x2  
  32  5:56  Zergling x2  
  29  5:58  Zergling x2  
  24  6:08  Zergling x2  
  20  6:30  Zergling x2  
  21  6:34  Zergling x2  
Tags
 
Add a new tag
Caveats
  • Supply blocks, unpowered buildings, or Contaminate may cause inaccurate times.
  • Supply counts are checked every 10 seconds.